[Event "FRA-ch Teams Top 16-Bas 2022"]
[Site "Chartres"]
[Date "2022.06.18"]
[Round "10.12"]
[White "Chabanon, Jean-Luc"]
[Black "Da Silva, Quentin"]
[Result "1-0"]
[ECO "E94"]
[WhiteElo "2432"]
[BlackElo "2171"]
[Annotator "TA"]
[PlyCount "135"]
[EventDate "2022.06.16"]
[EventType "team-tourn"]
[EventCountry "FRA"]
[SourceTitle "playchess.com"]
[Source "ChessBase"]
[SourceQuality "1"]
[TimeControl "40/5400+30:1800+30"]

1. d4 Nf6 2. Nf3 g6 3. c4 Bg7 4. Nc3 d6 5. e4 O-O 6. Be2 Nbd7 7. O-O e5 8. Be3 c6 9. d5 c5 10. Ne1 Ne8 11. g4 Nc7 {[%emt 0:16:32] E94: King's Indian: Classical: 6 Be2 e5 7 0-0: Various Black 7th moves.} 12. Kh1 a6 13. Rg1 Rb8 {[%emt 0:12:11] [#] White is better.} 14. a3 $146 ({White should play} 14. a4 $1 $16) ({Predecessor:} 14. a4 a5 15. Qd2 b6 16. Rg3 Kh8 17. Ng2 Bf6 18. g5 Bg7 19. h4 f5 20. exf5 gxf5 {1-0 (43) Janjgava,L (2495)-Sichinava,R (2445) Tbilisi 1996}) 14... b5 $14 15. b3 Nb6 16. Nf3 Bd7 17. Bg5 f6 18. Bd2 g5 ({Black should try} 18... Rf7 $14) 19. Ne1 $16 Nc8 20. h4 $1 h6 ({Not} 20... gxh4 21. Nf3 $16) 21. Ng2 Ne7 {[%emt 0:00:24] [#]} 22. h5 $1 {[%emt 0:01:13] Against Ng6} bxc4 23. bxc4 ({But not} 23. Bxc4 $6 Nb5 $16) 23... Rb6 24. Ne3 Qa8 25. Qc2 Rfb8 26. Rgb1 R8b7 27. Rxb6 Rxb6 28. Rb1 Qb7 29. Rxb6 Qxb6 30. Qb1 Na8 31. Qxb6 Nxb6 32. Bd1 Kf7 33. a4 Ke8 34. a5 Na8 35. Ba4 Bxa4 36. Nxa4 Nc8 37. Kg2 Kd7 38. Kf3 Kc7 39. Ke2 Bf8 40. Kd3 Kb7 41. Nf5 Nc7 42. Be3 Ne8 43. f3 Kb8 44. Bf2 Kb7 45. Kc3 {[%emt 0:00:00] 0x0.00207be8323edp-1022s more active pieces. The black rooks are badly placed.} Kb8 46. Kb3 Kb7 47. Nxd6+ Bxd6 48. Bxc5 ({Reject} 48. Nxc5+ $6 Bxc5 49. Bxc5 Ncd6 $11) 48... Bxc5 (48... Kc7 $16) 49. Nxc5+ $18 Ka7 50. Kb4 $2 (50. Ne6 $18) 50... Ncd6 $11 51. Ne6 {[%emt 0:02:43][%mdl 1024] c5 is the strong threat. White has compensation.} Kb7 $2 {[%emt 0:03:56] White leaves nothing to chance now.} (51... Nf7 $14) 52. c5 $18 Nb5 {[%emt 0:01:40] [#]} (52... Nf7 53. c6+ Kc8) 53. Nd8+ $1 Kc7 54. Nf7 Nd4 55. Nxh6 {[%emt 0:00:40] White wants to mate with Nf5.} f5 56. gxf5 {[%emt 0:01:43] Hoping for Ng4.} Nf6 57. Ng4 Nxh5 58. d6+ Kb7 59. Nxe5 {[%emt 0:01:21] Kc4 would kill now.} Nc6+ 60. Nxc6 {[%emt 0:00:06] White mates.} Kxc6 {[%emt 0:00:03] KN-KP} 61. e5 Ng7 62. e6 Nxf5 63. e7 Ng7 64. Kc4 Ne8 65. Kd4 Ng7 66. Ke5 Kd7 67. Kf6 Ne8+ 68. Kf7 {[%emt 0:07:32] Weighted Error Value: White=0.14 (very precise) /Black=0.39} 1-0

[Event "FRA-ch Teams Top 16-Bas 2022"]
[Site "Chartres"]
[Date "2022.06.18"]
[Round "10.13"]
[White "Saatdjian, Thomas"]
[Black "Godart, Francois"]
[Result "1-0"]
[ECO "E11"]
[WhiteElo "2271"]
[BlackElo "2399"]
[Annotator "TA"]
[PlyCount "159"]
[EventDate "2022.06.16"]
[EventType "team-tourn"]
[EventCountry "FRA"]
[SourceTitle "playchess.com"]
[Source "ChessBase"]
[SourceQuality "1"]
[TimeControl "40/5400+30:1800+30"]

1. d4 d5 2. Nf3 Nf6 3. c4 e6 4. g3 Bb4+ 5. Bd2 Be7 6. Bg2 O-O 7. O-O c6 8. Qc2 Nbd7 9. Bf4 b6 {[%emt 0:00:50] E11: Bogo-Indian.} 10. Nc3 {[%emt 0:00:12] Recently 10.Nbd2 got a lot of attention.} Ba6 11. cxd5 cxd5 {[%emt 0:06:37] White has an edge.} 12. Rfc1 {[%emt 0:02:18] has lost popularity (12.Qa4).} Nh5 13. Bd2 (13. Qa4 $5 Nxf4 14. Qxa6 Nxg2 15. Kxg2 $11) 13... Bb7 {[%emt 0:11:28] [#]} 14. Nb5 $146 ({Predecessor:} 14. a4 a6 15. Ne5 Nhf6 16. Bf4 Rc8 17. Nxd7 Nxd7 18. Qd3 Nb8 19. e4 Nc6 20. exd5 {½-½ (64) Gilevich,A (2403)-D'Costa,L (2402) Cannes 2019}) 14... Rc8 {[%emt 0:13:17] Inhibits Qc7.} 15. Qa4 Rxc1+ 16. Rxc1 a6 17. Na7 b5 18. Qa5 Bd6 {[%emt 0:01:36] Inhibits Qc7.} 19. Nc6 Qa8 20. Nce5 Nhf6 21. Bb4 {[%emt 0:00:05] White is much more active.} Bxb4 22. Qxb4 {[%emt 0:00:01] aiming for Rc7.} Rc8 {[%emt 0:00:11] Inhibits Rc7.} 23. Rc3 Rxc3 24. Qxc3 Qc8 25. Nxd7 (25. Qb4 {with more complications.} h6 26. e3 Qf8 27. a3) 25... Nxd7 26. Qxc8+ (26. Qa3 {is more complex.} Nf6 27. Qd6 Ne4 28. Qe7) 26... Bxc8 $14 {[%emt 0:00:04][%mdl 4096] Endgame KBN-KBN} 27. b4 Kf8 28. Kf1 Ke7 29. Ke1 f6 30. Kd2 Kd6 31. e3 e5 32. Ne1 Nb6 33. Nd3 exd4 34. exd4 a5 $2 (34... Bf5 $11 {and Black has nothing to worry.}) 35. bxa5 $18 Nc4+ 36. Kc3 Nxa5 37. Nf4 Nc6 38. a3 {[%emt 0:02:13] Prevents b4+.} ({Much less strong is} 38. Bxd5 b4+ 39. Kb3 Nxd4+ 40. Kc4 (40. Kxb4 g5 $15) 40... Nf5 $16) (38. Nxd5 $6 Be6 39. Nb4 Nxb4 40. Kxb4 Bxa2 $16) 38... Ne7 (38... Bg4 $142 39. Nxd5 Bd7) 39. Nh5 $1 Nf5 40. Bh3 Nxg3 41. hxg3 Bxh3 42. Nxg7 {[%emt 0:00:03] KB-KN} Bf1 43. Nh5 f5 44. Kb4 Be2 45. Nf4 Bf1 46. Ka5 Kc6 47. Nh5 $1 Bd3 48. Nf4 {[%emt 0:00:00] Against Be2} (48. Kb4 $1 $16) 48... Bf1 $1 49. Ne6 $1 {[%emt 0:00:00] Strongly threatening Ng5.} Kd6 (49... Bd3 $16 50. Kb4 Be4) 50. Ng7 f4 51. gxf4 (51. Kb6 $1 $18) 51... Bd3 $11 52. Kb6 {[%emt 0:00:00] f5 is the strong threat.} Ke7 $1 53. Kc5 (53. Nh5 $5 ) 53... Kf7 (53... Bg6 $5 54. Kxb5 (54. Kxd5 $2 Kf6 $19) 54... Kf6 $11) 54. Nh5 Kg6 55. Ng3 h5 $2 {[%emt 0:00:18][%mdl 8192] White leaves nothing to chance now.} (55... Bc4 $14) 56. Kxd5 h4 57. Kc5 Kf7 {[%emt 0:06:13] [#]} 58. d5 $2 Ke8 {[%emt 0:00:47][%mdl 8192] [#]} (58... Ke7 $11) 59. Kd4 $2 ({Only move:} 59. Kd6 $1 $18 Kd8 {[#]} (59... Kf7 60. Kc7) 60. Ke6 $1) 59... Bb1 $2 (59... hxg3 $11 60. fxg3 (60. Kxd3 $2 g2 $19) 60... Be2) 60. Nf1 $18 h3 61. Ke5 Bd3 62. Nh2 Bh7 $2 (62... Ke7 63. f5 Be2 64. f6+ Kd7) 63. Kd6 $2 (63. Ke6 {And now Ng4 would win.} Bg8+ 64. Kd6) 63... Bd3 $2 (63... Kd8 64. Ke5 Bc2) 64. Ke6 (64. Kc7 $142 Bh7 65. d6) 64... Bc4 65. f5 {[%emt 0:00:06] Threatening mate with f6.} Ba2 66. f6 Kf8 67. Ke5 (67. f7 $142 Bc4 68. f4 Bb3 69. Nf3 h2 70. Nxh2 b4 71. axb4 Bxd5+ 72. Kxd5) 67... Kf7 68. f4 {[%emt 0:01:25] White mates.} Bb3 69. Nf3 Kf8 70. Ke6 Bc4 71. Nh2 Bb3 72. Ng4 Bc4 73. Ne5 Bxd5+ 74. Kxd5 {[%emt 0:00:02] KN-KPP} h2 75. Ke6 h1=Q 76. Nd7+ Kg8 77. f7+ Kh7 78. f8=Q Qc6+ 79. Qd6 Qe4+ 80. Kf7 {[%emt 0:00:20] Weighted Error Value: White=0.41/Black=0.31} 1-0

[Event "FRA-ch Teams Top 16-Bas 2022"]
[Site "Chartres"]
[Date "2022.06.18"]
[Round "10.14"]
[White "Marcelin, Cyril"]
[Black "Cantin, Loic"]
[Result "1-0"]
[ECO "A48"]
[WhiteElo "2440"]
[BlackElo "2199"]
[Annotator "TA"]
[PlyCount "81"]
[EventDate "2022.06.16"]
[EventType "team-tourn"]
[EventCountry "FRA"]
[SourceTitle "playchess.com"]
[Source "ChessBase"]
[SourceQuality "1"]
[TimeControl "40/5400+30:1800+30"]

1. d4 Nf6 2. Nf3 g6 3. Nbd2 d5 4. c4 c6 5. e3 Bg7 6. b4 O-O 7. Bb2 Ne4 {[%emt 0:25:02] A48: 1 d4 Nf6 2 Nf3 g6: Torre, London and Colle Systems.} 8. Be2 f5 9. O-O Kh8 {[%emt 0:06:40] [#] White is slightly better.} 10. Rc1 $146 ({Predecessor:} 10. cxd5 cxd5 11. b5 Be6 12. a4 Nd7 13. a5 Ndf6 14. a6 b6 15. Ne5 Nxd2 16. Qxd2 {1-0 (35) Thavandiran,S (2264)-Henry,L (2090) Toronto 2006}) 10... Be6 11. a4 Nd7 12. Qc2 Bh6 13. cxd5 Bxd5 14. Nxe4 fxe4 15. Nd2 Nf6 16. b5 Rc8 17. Ba3 (17. Qb1 $16) 17... Qd7 {[%emt 0:00:56] Black is on the road to losing.} (17... cxb5 $1 $11 18. Qxc8 Qxc8 19. Rxc8 Rxc8) 18. Qc5 Rfe8 19. a5 Qc7 20. bxc6 bxc6 21. a6 Rb8 22. Rb1 Bf8 23. Qc3 Qd7 (23... Kg7 $16 {is a better defense.} 24. Nc4 Nd7) 24. Nc4 $18 Qe6 (24... Qc8 $142 25. Rxb8 Qxb8) 25. Ne5 Kg7 26. Bc5 Ra8 (26... Qc8 $142 27. Bxa7 Ra8) 27. Rb7 h5 28. Rxa7 Rxa7 29. Bxa7 Nd7 30. Nxd7 Qxd7 31. Bc5 e6 32. Rb1 Kh6 33. Rb7 Qc8 34. Qb4 {[%emt 0:02:21] [#] Threatening mate with Bxf8+.} Bxc5 35. Qxc5 {[%emt 0:00:02] Threatens to win with Qd6.} e5 36. dxe5 Rxe5 37. Qd6 Re6 38. Qf4+ {[%emt 0:01:23] White mates.} g5 39. Qf7 Qh8 40. a7 Rg6 41. a8=Q {[%emt 0:01:37] Weighted Error Value: White=0.17 (very precise) /Black=0.62} 1-0

[Event "FRA-ch Teams Top 16-Bas 2022"]
[Site "Chartres"]
[Date "2022.06.18"]
[Round "10.15"]
[White "Caille, Hugo"]
[Black "Housieaux, David"]
[Result "1/2-1/2"]
[ECO "E62"]
[WhiteElo "2177"]
[BlackElo "2412"]
[Annotator "TA"]
[PlyCount "86"]
[EventDate "2022.06.16"]
[EventType "team-tourn"]
[EventCountry "FRA"]
[SourceTitle "playchess.com"]
[Source "ChessBase"]
[SourceQuality "1"]
[TimeControl "40/5400+30:1800+30"]

1. Nf3 Nf6 2. g3 g6 3. Bg2 Bg7 4. O-O O-O 5. d4 d6 6. c4 Nc6 7. Nc3 e5 8. dxe5 dxe5 $1 {[%emt 0:01:47] 8...dxe5 scores better than 8...Nxe5.} 9. Bg5 Qe8 {[%emt 0:10:28] E62: King's Indian: Fianchetto: 6...c6 and Panno Variation (6...Nc6) without ...a6.} 10. Nd5 Nxd5 11. cxd5 {[%emt 0:04:15] [#]} Nb4 $146 {[%emt 0:00:43] White is slightly better.} ({Predecessor:} 11... Nd4 12. Rc1 h6 13. Be3 Nxf3+ 14. Bxf3 e4 15. Bg2 Qd8 16. Bxe4 Bxb2 17. Rc2 Bg7 {1-0 (44) Gabrielian,A (2464)-Hamley,R (2039) Chess.com INT 2021}) 12. Qd2 Na6 13. Bh6 Qe7 14. Bxg7 {[%emt 0:01:37] White is more active.} Kxg7 15. Qc3 Re8 16. a3 Bg4 17. b4 Rad8 18. Rac1 b6 (18... Nb8 $142) 19. h3 (19. Nd2 $142) 19... Bc8 20. Rfd1 Bb7 21. e4 Qd6 22. Bf1 Re7 23. Nd2 Nb8 (23... Qf6 {was called for.} 24. h4 h5) 24. Nc4 $18 Qf6 25. f4 Nd7 26. d6 cxd6 27. Rxd6 (27. Nxd6 Ba8 $16) 27... Re6 28. fxe5 Qe7 29. Rcd1 $2 (29. Rxe6 $1 $18 {and the rest is easy.} Qxe6 30. Rd1 (30. Nd6 Ba8 $16)) 29... Bc6 (29... Bxe4 $16 {was worth a try.} 30. h4 Bc6) 30. Ne3 Rc8 31. Nd5 $2 ({White should play} 31. Ba6 $18 Bb7 32. Qb2 $1) 31... Qg5 $14 {[%emt 0:00:55][%cal Oc6d5] Strongly threatening ...Bxd5!} 32. Nf4 Rxd6 33. exd6+ ({Of course not} 33. Rxd6 Qxe5 34. Qd4 Qxd4+ 35. Rxd4 Ne5 $17) 33... Qe5 {[%emt 0:00:46] [#]} (33... Ne5 $1 $14 34. Qe3 (34. Ba6 Bb7 $17) 34... Rd8) 34. Qxe5+ ({White has to play} 34. Rc1 $1 $16) 34... Nxe5 $11 {[%emt 0:00:00] The position is equal.} 35. Rc1 {[%emt 0:02:47] Hoping for Nd3.} Rd8 36. Nd3 $132 {[%emt 0:00:04][%mdl 2048] White is not holding back} Nxd3 37. Rxc6 {[%emt 0:00:05][%mdl 4096] Endgame KRB-KRN} Ne5 38. Rc7 Rxd6 39. Rxa7 Rd2 $1 {[%emt 0:01:42] Against Be2. ( -> ...Nf3+)} 40. Bb5 Nf3+ 41. Kf1 Nh2+ 42. Ke1 Nf3+ 43. Kf1 Nh2+ {[%emt 0:00:39] White really could win this.  Weighted Error Value: White=0.31/Black=0.22 (precise)} 1/2-1/2

[Event "FRA-ch Teams Top 16-Bas 2022"]
[Site "Chartres"]
[Date "2022.06.18"]
[Round "10.16"]
[White "Monpeurt, Cyrielle"]
[Black "Afraoui, Solenn"]
[Result "1-0"]
[ECO "B52"]
[WhiteElo "2172"]
[BlackElo "1945"]
[Annotator "TA"]
[PlyCount "83"]
[EventDate "2022.06.16"]
[EventType "team-tourn"]
[EventCountry "FRA"]
[SourceTitle "playchess.com"]
[Source "ChessBase"]
[SourceQuality "1"]
[TimeControl "40/5400+30:1800+30"]

1. e4 c5 2. Nf3 d6 3. Bb5+ Bd7 4. Bxd7+ Qxd7 5. c4 Nc6 6. Nc3 g6 7. d4 cxd4 8. Nxd4 Bg7 9. Be3 Nf6 10. f3 Rc8 11. b3 a6 12. O-O O-O 13. Qd3 $1 {[%emt 0:03:11][%mdl 4] is now more promising than 13.a4. B52: Sicilian: Moscow Variation with 3...Bd7.} (13. Nxc6 {feels hotter.} Rxc6 14. a4 Ng4 15. Bd4) 13... e6 14. Nxc6 Rxc6 {[%emt 0:06:48] [#]} 15. Rad1 $146 {[%emt 0:05:29][%cal Oe4e5] White is slightly better.} ({Predecessor:} 15. a4 Qe7 16. a5 Nd7 17. Qd2 Rfc8 18. Bd4 Nc5 19. Rfb1 Bxd4+ 20. Qxd4 Qg5 21. Ne2 {0-1 (41) Eljanov,P (2672)-Sapunov,E (2461) Chess.com INT 2020}) 15... Qc7 16. a4 {[%emt 0:01:11] Inhibits b5.} Nd7 17. Ne2 Nc5 18. Qc2 a5 19. Bd4 Qb6 20. Bxg7 Kxg7 21. Nd4 Na6 (21... Rcc8 $11) 22. Kh1 {[%emt 0:03:10] Threatens to win with Qc3.} Rc5 (22... Rcc8 $14 {is more appropriate.}) 23. Nb5 $40 {[%emt 0:00:34][%cal Bd4b5,Bb5c3,Bc3e2,Be2f4][%mdl 160] White wants a kill.} Rd8 24. Qb2+ f6 25. Rd2 Nc7 26. Nc3 {[%emt 0:04:59] White is more active.} Rh5 27. Rfd1 Qc5 (27... Rd7 $142) 28. Ne2 b6 29. Qd4 Qxd4 (29... Qc6 $16 30. Nc3 Rc5) 30. Rxd4 $18 Ne8 31. Nf4 $1 Re5 {[%emt 0:00:14] [#]} 32. g4 $1 Kf7 {[%emt 0:01:15] [#]} 33. Nd3 {[%emt 0:00:07] Prevents Rc5.} Ke7 $2 (33... Rc5 {keeps fighting.}) 34. f4 ({Not} 34. Nxe5 fxe5 35. R4d2 Kd7 $18) 34... Rc5 35. Nxc5 bxc5 {[%emt 0:00:02][%mdl 4096] Endgame KRR-KRN} 36. R4d3 {[%emt 0:00:06] Rh3 is the strong threat.} e5 (36... Rd7 {is a better defense.} 37. Kg2 Rb7) 37. f5 {[%emt 0:01:46] Black must now prevent Rh3.} g5 $2 (37... Kf7 38. Kg1 Rb8) 38. Rh3 {[%emt 0:00:15] White is clearly winning.} Rb8 39. Rxh7+ Kd8 40. Rd3 Rb6 41. Ra7 {[%emt 0:33:07] Threatening mate with Rh3.} Nc7 42. Rh3 {[%emt 0:00:00] Weighted Error Value: White=0.14 (very precise) /Black=0.34} 1-0

[Event "FRA-ch Teams Top 16-Bas 2022"]
[Site "Chartres"]
[Date "2022.06.18"]
[Round "10.17"]
[White "Feller, Sebastien"]
[Black "Kirk, Ezra"]
[Result "1/2-1/2"]
[ECO "B35"]
[WhiteElo "2569"]
[BlackElo "2446"]
[Annotator "TA"]
[PlyCount "138"]
[EventDate "2022.06.16"]
[EventType "team-tourn"]
[EventCountry "FRA"]
[SourceTitle "playchess.com"]
[Source "ChessBase"]
[SourceQuality "1"]
[TimeControl "40/5400+30:1800+30"]

1. e4 c5 2. Nc3 Nc6 3. Nge2 g6 4. d4 cxd4 5. Nxd4 Bg7 6. Be3 Nf6 7. Bc4 Qa5 8. O-O O-O 9. Nb3 Qc7 10. f3 {[%emt 0:06:26] B35: Sicilian: Accelerated Dragon with 5 Nc3: main line.} a6 11. a4 {[%emt 0:12:15] [#]} d6 $146 ({Predecessor:} 11... b6 12. Ne2 d6 13. Ng3 Nd7 14. c3 Nce5 15. Be2 Nc4 16. Bxc4 Qxc4 17. Kh1 Rb8 {½-½ (17) Pham,H-Mai,N Vung Tau 2004}) 12. a5 Ne5 13. Be2 Be6 14. Bb6 Qc8 15. Bd4 Nc6 16. Be3 Nd7 17. Nd4 Nxd4 18. Bxd4 Bxd4+ 19. Qxd4 Qc5 ({Black should try} 19... Qc7 $11) 20. Qxc5 $14 Nxc5 21. Na4 Nxa4 22. Rxa4 Rfc8 23. Bd3 Bd7 24. Rb4 Bb5 25. c4 Bc6 26. Rb6 Rc7 27. Kf2 Bd7 28. Ke3 Kf8 29. f4 {[%emt 0:02:08] White is more active.} Rb8 30. b4 Rc6 31. Rxc6 bxc6 $16 {[%emt 0:01:09][%mdl 4096] Endgame [#] KRB-KRB} 32. Rb1 f6 33. Kd4 e5+ 34. fxe5 fxe5+ 35. Kc3 Ke7 36. b5 cxb5 {[%emt 0:00:13] The position is equal.} 37. cxb5 Bxb5 38. Bxb5 axb5 $11 {[%emt 0:00:03] KR-KR} 39. Kb4 d5 $1 40. exd5 Kd6 41. Rd1 e4 42. a6 e3 43. Re1 Re8 44. a7 {[%emt 0:00:02][%cal Oe1e3] [#] Threatens to win with Rxe3!} Ra8 45. Rxe3 Rxa7 46. Kxb5 Kxd5 47. Rd3+ Ke4 48. Rg3 Rc7 49. Rh3 h5 50. Rg3 Kf5 51. h4 Rc1 52. Rg5+ Kf6 53. g4 hxg4 54. Rxg4 Rc8 55. Kb4 Rc7 56. Kb3 Rc1 57. Kb2 Rc5 58. Kb3 Kg7 59. Kb4 Rf5 60. Kc3 Kh6 61. Kd3 Kh5 62. Ra4 Rf3+ 63. Ke2 Rh3 64. Kf2 Rxh4 65. Ra5+ g5 66. Kg3 $1 Rg4+ 67. Kh3 Rb4 68. Ra3 Rc4 69. Kg3 Rb4 {[%emt 0:00:15] Weighted Error Value: White=0.05 (flawless) /Black=0.05 (flawless)} 1/2-1/2

[Event "FRA-ch Teams Top 16-Bas 2022"]
[Site "Chartres"]
[Date "2022.06.18"]
[Round "10.18"]
[White "Le Hetet, Nicolas"]
[Black "Ganguly, Surya Shekhar"]
[Result "0-1"]
[ECO "B91"]
[WhiteElo "2372"]
[BlackElo "2616"]
[Annotator "TA"]
[PlyCount "52"]
[EventDate "2022.06.16"]
[EventType "team-tourn"]
[EventCountry "FRA"]
[SourceTitle "playchess.com"]
[Source "ChessBase"]
[SourceQuality "1"]
[TimeControl "40/5400+30:1800+30"]

1. e4 c5 2. Nf3 d6 3. d4 cxd4 4. Nxd4 Nf6 5. Nc3 a6 6. g3 e5 7. Nde2 Be7 8. Bg2 h5 {[%emt 0:00:26] B91: Sicilian Najdorf: 6 g3.} 9. h3 b5 10. O-O Nbd7 {[%emt 0:00:22][%cal Bb8d7,Bd7b6,Bb6a4,Ba4c3][%mdl 32] The position is equal.} 11. Bg5 Bb7 12. a3 Rc8 13. Re1 O-O (13... Nc5 $5 ) 14. Nc1 {[%emt 0:05:29] [#]} g6 $146 (14... Nb6 $5 ) ({Predecessor:} 14... Rc4 15. Nd3 g6 16. Qd2 Nc5 17. Bxf6 Bxf6 18. Nb4 Ne6 19. Rad1 Nd4 20. Qd3 Kg7 21. Ncd5 a5 22. c3 axb4 23. cxd4 Bxd5 24. dxe5 Bxe5 25. Qxd5 Rc5 26. Qb3 {½-½ (26) Mrdja,M (2241)-Zotova,A (2006) Novi Sad 2022}) 15. Nd3 Nb6 16. a4 Rxc3 17. bxc3 {[%emt 0:03:58] And now axb5 would win.} Nxa4 18. Bxf6 Bxf6 19. c4 $1 Bg5 20. Qb1 (20. cxb5 $11 {remains equal.} Nc3 21. Qf3 Nxb5 22. Rf1) 20... Nc3 $17 21. Qb2 Bd2 22. cxb5 axb5 ({Much worse is} 22... Bxe1 $6 23. Nxe1 Qc8 24. bxa6 Bxa6 25. Qb6 $11) 23. Red1 Nxd1 {[%emt 0:04:45] Black is more active.} 24. Rxd1 Qa5 25. c4 bxc4 26. Rxd2 $4 {[%emt 0:04:06][%mdl 8192] [#]} (26. Qxb7 $15 cxd3 27. Bf1) 26... c3 {[%emt 0:02:00] Weighted Error Value: White=0.49/Black=0.09 (flawless)} ({Inferior is} 26... cxd3 27. Rxd3 Bxe4 28. Rxd6 $17) 0-1

[Event "FRA-ch Teams Top 16-Bas 2022"]
[Site "Chartres"]
[Date "2022.06.18"]
[Round "10.19"]
[White "Visakh N R"]
[Black "Favarel, Julien"]
[Result "1-0"]
[ECO "B07"]
[WhiteElo "2506"]
[BlackElo "2312"]
[Annotator "TA"]
[PlyCount "51"]
[EventDate "2022.06.16"]
[EventType "team-tourn"]
[EventCountry "FRA"]
[SourceTitle "playchess.com"]
[Source "ChessBase"]
[SourceQuality "1"]
[TimeControl "40/5400+30:1800+30"]

1. d4 Nf6 2. Nf3 g6 3. Nbd2 Bg7 4. e4 d6 5. Bb5+ c6 6. Bd3 O-O 7. O-O c5 8. c3 cxd4 9. cxd4 Nc6 {[%emt 0:00:42] B07: Pirc Defence: Miscellaneous Systems.} 10. Re1 Nd7 11. Nb3 {[%emt 0:04:22] [#]} e5 $146 {[%emt 0:07:12][%cal Re5d4] White is slightly better.} ({Predecessor:} 11... a5 12. a4 Nf6 13. Bd2 d5 14. e5 Ne4 15. Bxe4 dxe4 16. Rxe4 Qd5 17. Rh4 f6 18. exf6 Bxf6 {0-1 (43) Salimova,N (2395)-Liang,A (2592) chess24.com INT 2021}) 12. Bg5 Qe8 13. d5 Nd4 (13... Ne7 $16) 14. Nbxd4 exd4 15. Bf1 {[%emt 0:00:12] 0x0.00086139fc67dp-1022s more active pieces. The black rooks are badly placed.} Nc5 {[%emt 0:06:15] [#]} 16. Bf4 $1 ({Don't do} 16. Nxd4 $6 Qe5 17. Be3 Nxe4 $14) 16... Qd8 {[%emt 0:05:39] [#]} (16... Qe7 $16) 17. b4 $1 $18 (17. Nxd4 $6 Qf6 18. Be3 Nxe4 $14) 17... Na6 18. Bxa6 ({Resist} 18. Nxd4 $6 Nxb4 19. Rb1 Bxd4 $16) 18... bxa6 19. Nxd4 Re8 20. Qd2 Bb7 (20... Qb6 $16) 21. Rac1 Qf6 (21... Qd7 {was necessary.} 22. f3 Rac8) 22. Nc6 {[%emt 0:00:33] Black must now prevent Bg5.} h5 $2 (22... Bf8 {was called for.} 23. a3 Rac8) 23. Bg5 {[%emt 0:05:25] White is clearly winning.} Qb2 24. Rc2 Qa3 25. Na5 Bc8 26. Nc4 {[%emt 0:00:14][%csl LRa3,LRd6] Black got outplayed after the opening.  Weighted Error Value: White=0.15 (very precise) /Black=0.63} 1-0

[Event "FRA-ch Teams Top 16-Bas 2022"]
[Site "Chartres"]
[Date "2022.06.18"]
[Round "10.20"]
[White "Ternault, Mathieu"]
[Black "Lazarev, Vladimir"]
[Result "1/2-1/2"]
[ECO "D02"]
[WhiteElo "2367"]
[BlackElo "2491"]
[Annotator "TA"]
[PlyCount "21"]
[EventDate "2022.06.16"]
[EventType "team-tourn"]
[EventCountry "FRA"]
[SourceTitle "playchess.com"]
[Source "ChessBase"]
[SourceQuality "1"]
[TimeControl "40/5400+30:1800+30"]

1. d4 d5 2. Nf3 Nf6 3. Bf4 c5 4. e3 Nc6 5. Nbd2 e6 6. c3 Bd6 7. Bg3 O-O 8. Bd3 b6 9. e4 {[%emt 0:01:47] [#] Black must now prevent e5. 9.Qe2 is setting a new trend. D02: 1 d4 d5 2 Nf3 sidelines, including 2...Nf6 3 g3 and 2...Nf6 3 Bf4.} Be7 10. e5 Nh5 {[%emt 1:25:48] [#]} 11. Nb1 $146 {Weighted Error Value: White=0.12 (very precise) /Black=0.00 (flawless)} ({Predecessor:} 11. Ng5 Bxg5 12. Qxh5 h6 13. Nf3 cxd4 14. h4 Be7 15. Bf4 f5 16. Bxh6 Qe8 17. Qxe8 Rxe8 {½-½ (57) Firouzja,A (2759)-Svidler,P (2714) Paris 2021}) 1/2-1/2

[Event "FRA-ch Teams Top 16-Bas 2022"]
[Site "Chartres"]
[Date "2022.06.18"]
[Round "10.21"]
[White "Bailet, Pierre"]
[Black "Fantinel, Thibault"]
[Result "1/2-1/2"]
[ECO "B46"]
[WhiteElo "2509"]
[BlackElo "2388"]
[Annotator "TA"]
[PlyCount "48"]
[EventDate "2022.06.16"]
[EventType "team-tourn"]
[EventCountry "FRA"]
[SourceTitle "playchess.com"]
[Source "ChessBase"]
[SourceQuality "1"]
[TimeControl "40/5400+30:1800+30"]

1. e4 c5 2. Nc3 Nc6 3. Nge2 e6 4. d4 cxd4 5. Nxd4 Qc7 6. f4 a6 7. Nxc6 bxc6 8. Bd3 d5 9. O-O Nf6 10. Qe2 Be7 {[%emt 0:00:16] B46: Sicilian: Taimanov: 5 Nc3 a6.} 11. Bd2 O-O 12. b3 Re8 {[%emt 0:18:05] [#]} 13. Rae1 $146 ({Predecessor:} 13. Kh1 Bb7 14. Rae1 Bf8 15. e5 Nd7 16. Rf3 g6 17. h4 c5 18. Rg3 Bg7 19. h5 {1-0 (43) Delgado Ramirez,N (2613)-Cori Quispe,K (2390) Medellin 2017}) 13... Bb7 14. e5 Nd7 15. Na4 {[%emt 0:00:28] f5 is the strong threat.} Nc5 16. Nxc5 Bxc5+ 17. Kh1 g6 18. c4 dxc4 19. Bxc4 Bf8 20. Be3 c5 {[%emt 0:02:12] The position is equal.} 21. Rd1 Qc6 22. Qf3 Qxf3 23. gxf3 Red8 24. Kg2 Be7 {[%emt 0:00:21] An interesting draw.  Weighted Error Value: White=0.09 (flawless) /Black=0.07 (flawless)} 1/2-1/2